 Dungeon Crawl Stone Soup version 0.20.0-15-g7f486f2 (webtiles) character file.

618 sankara the Cudgeler (level 7, -2/63 HPs)
             Began as a Minotaur Fighter on June 10, 2017.
             Was an Initiate of Okawaru.
             Killed by nerve-wracking pain
             ... invoked by an orc priest
              (13 damage)
             ... on level 5 of the Dungeon on June 11, 2017.
             The game lasted 00:12:18 (4227 turns).

sankara the Cudgeler (Minotaur Fighter)             Turns: 4227, Time: 00:12:19

Health: -2/63      AC: 12    Str: 20    XL:     7   Next: 21%
Magic:  6/6        EV:  5    Int:  5    God:    Okawaru [......]
Gold:   265        SH: 10    Dex: 12    Spells: 6/6 levels left

rFire    . . .     SeeInvis .   p - +2 whip (pain)
rCold    . . .     Gourm    .   c - +0 shield
rNeg     . . .     Faith    .   n - +0 chain mail
rPois    .         Spirit   .   (helmet restricted)
rElec    .         Reflect  .   (no cloak)
rCorr    .         Harm     .   (no gloves)
MR       .....                  j - +2 pair of boots
Stlth    ..........             (no amulet)
Regen    0.2/turn               v - ring of flight
MPRegen  0.1/turn               (no ring)

@: no status effects
A: retaliatory headbutt, horns 2
a: Renounce Religion, Evoke Flight


You were on level 5 of the Dungeon.
You worshipped Okawaru.
Okawaru was noncommittal.
You were not hungry.

You visited 2 branches of the dungeon, and saw 6 of its levels.

You collected 265 gold pieces.

Inventory:

Hand Weapons
 a - a +0 flail
 p - a +2 whip of pain (weapon)
 A - a +0 morningstar
Armour
 c - a +0 shield (worn)
 j - a +2 pair of boots (worn)
 n - a +0 chain mail (worn)
Jewellery
 v - a ring of flight (left hand)
Wands
 o - a wand of digging (12/24)
 u - a wand of clouds (6/9)
Scrolls
 b - 4 scrolls of identify
 i - 5 scrolls of teleportation
 k - a scroll of enchant armour {unknown}
 m - a scroll of noise {unknown}
 r - 2 scrolls of immolation {unknown}
 s - 2 scrolls of magic mapping {unknown}
 y - a scroll of remove curse
 B - a scroll of random uselessness {unknown}
Potions
 d - 2 potions of might
 e - 4 potions of curing {unknown}
 g - 2 potions of agility {unknown}
 q - 2 potions of lignification {unknown}
 t - 3 potions of flight {unknown}
 w - a potion of brilliance {unknown}
 x - a potion of cancellation {unknown}
 z - a potion of haste {unknown}
Books
 C - a book of Callings

   Spells                             Type                      Level
   a - Summon Small Mammal            Summoning                    1
   b - Call Imp                       Summoning                    2
   c - Call Canine Familiar           Summoning                    3
   d - Summon Guardian Golem          Hexes/Summoning              3
   e - Summon Lightning Spire         Summoning/Air                4
   f - Summon Ice Beast               Ice/Summoning                4
Comestibles
 f - 3 bread rations
 h - a meat ration
 l - 3 royal jellies
 D - a chunk of flesh


   Skills:
 + Level 6.0 Fighting
 * Level 7.5 Maces & Flails
 - Level 3.6 Armour
 - Level 5.0 Shields


You had 6 spell levels left.
You didn't know any spells.

Dungeon Overview and Level Annotations

Branches:
Dungeon (5/15)             Temple (1/1) D:4

Altars:
Ashenzari
Cheibriados
Dithmenos
Elyvilon
Fedhas
Gozag
Hepliaklqana
Kikubaaqudgha
Makhleb
Nemelex Xobeh
Okawaru
Qazlal
Ru
Sif Muna
Trog
Uskayaw
Vehumet
Xom
Yredelemnul
Zin
The Shining One

Annotations:
D:3 Sigmund


Innate Abilities, Weirdness & Mutations

You reflexively headbutt those who attack you in melee.
You have a pair of horns on your head.


Message History

You are too injured to fight recklessly!
You are too injured to fight recklessly!
You are too injured to fight recklessly!
You are too injured to fight recklessly!
You are too injured to fight recklessly!
You closely miss the orc. You block the orc's attack.
You closely miss the orc. You block the orc's attack.
Your shield and chain mail prevent you from hitting the orc.
You hit the orc but do no damage. You block the orc's attack.
You hit the orc.
The orc is severely wounded.
You hit the orc but do no damage. You headbutt the orc.
You kill the orc!
Okawaru accepts your kill.
The orc priest mumbles some strange prayers to Beogh against you.
Beogh smites you!
* * * LOW HITPOINT WARNING * * *
The orc priest mumbles some strange prayers to Beogh against you.
Pain shoots through your body!
You die...

.# #####+####.W.#
#........o.oo#
#......# #......#
#......# #......#
#......#####
#.....o@...#
#......###.#
#........#.#
########.#.##### ###
#.#.....##...#
#....##.##...#
#.##.##......#
.........#.#....####
....###..#..........


You could see an orc priest.

Vanquished Creatures
  The ghost of skittles the Firebug, an amateur DrFE of Vehumet (D:3)
  An ogre (D:4)
  2 orc priests
  An orc wizard (D:5)
  An iguana (D:4)
  A bullfrog skeleton (D:4)
  A worker ant (D:5)
  Robin (D:3)
  4 gnolls (D:3)
  6 adders
  2 oozes
  An adder zombie (D:3)
  4 dart slugs (D:1)
  3 leopard geckos
  20 orcs
  2 ball pythons
  6 bats
  2 giant cockroaches
  20 goblins
  8 hobgoblins
  7 jackals (D:3)
  2 quokkas
  5 frilled lizards
  7 kobolds
  6 rats
114 creatures vanquished.

Notes
Turn   | Place    | Note
-------+----------+-------------------------------------------
     0 | D:1      | sankara the Minotaur Fighter began the quest for the Orb.
     0 | D:1      | Reached XP level 1. HP: 19/19 MP: 0/0
   221 | D:1      | Reached XP level 2. HP: 27/27 MP: 1/1
   265 | D:1      | Reached skill level 3 in Maces & Flails
   568 | D:1      | Reached XP level 3. HP: 33/33 MP: 2/2
   778 | D:2      | Found a blossoming altar of Fedhas.
   863 | D:2      | Reached skill level 4 in Maces & Flails
   957 | D:2      | Reached XP level 4. HP: 40/40 MP: 3/3
  1391 | D:3      | Noticed Sigmund
  1391 | D:3      | Noticed Robin
  1728 | D:3      | Killed Robin
  1750 | D:3      | Reached XP level 5. HP: 47/47 MP: 4/4
  1866 | D:3      | Noticed skittles's ghost (amateur DrFE)
  1875 | D:3      | Reached skill level 5 in Maces & Flails
  1990 | D:3      | Killed skittles's ghost
  1990 | D:3      | Reached skill level 5 in Fighting
  1990 | D:3      | Reached skill level 5 in Shields
  1990 | D:3      | Reached XP level 6. HP: 14/56 MP: 5/5
  2336 | D:3      | Reached skill level 6 in Maces & Flails
  2969 | D:4      | Found a staircase to the Ecumenical Temple.
  2979 | Temple   | Entered the Ecumenical Temple
  3083 | Temple   | Became a worshipper of Warmaster Okawaru
  3762 | D:4      | Reached skill level 7 in Maces & Flails
  3762 | D:4      | Reached XP level 7. HP: 29/62 MP: 6/6
  4145 | D:5      | Entered Level 5 of the Dungeon
  4227 | D:5      | Killed from afar by an orc priest

Skill      XL: |  1  2  3  4  5  6  7 |
---------------+----------------------+-----
Maces & Flails | 3 4 5 7 |  7.5
Shields        | 4 5 |  5.0
Fighting       | 4 5 6 |  6.0
Armour         | |  3.6

Action                   |  1- 3 |  4- 6 |  7- 9 || total
-------------------------+-------+-------+-------++-------
Melee: Flail             |    61 |       |       ||    61
       Headbutt          |     9 |    43 |     6 ||    58
       Whip              |     7 |   263 |    30 ||   300
  Use: Scroll            |     4 |     1 |       ||     5
  Eat: Chunk             |       |     9 |     2 ||    11
Armor: Scale mail        |    31 |       |       ||    31
       Chain mail        |     3 |    92 |     8 ||   103
Dodge: Dodged            |    21 |    36 |     2 ||    59
Block: Shield            |    32 |    99 |    10 ||   141
